Map: Буревестник РВ

Players

PappiJoe - Winner!

  • Race: Protoss Protoss
  • Spawn Location: 11:00

BuRning

  • Race: Terran Terran
  • Spawn Location: 5:00

Event: 2019 WCS Summer

VOD

Have the link to the VOD?

Description

Time

  • Played on: July 12, 2019, 6:54 a.m.
  • Length: 6:59

All games in this series

Show
View Real Time Build Order
Export as new Build Order

PappiJoe Protoss - Winner!

Build Orders:  

Get SALT Encoding   

  12  0:00  Probe  
  13  0:13  Pylon  
  13  0:18  Probe  
  14  0:31  Probe  
  14  0:32  Gateway  
  15  0:39  Probe  
  15  0:42  Assimilator  
  15  0:48  Probe  
  16  0:53  Assimilator  
  17  1:01  Probe  
  18  1:13  Probe  
  19  1:19  Cybernetics Core  
  19  1:27  Probe  
  20  1:38  Pylon  
  20  1:39  Probe  
  21  1:46  Adept  
  21  1:51  Probe  
  22  1:58  Robotics Facility  
  24  2:03  Probe  
  26  2:20  Stalker, Warp Gate  
  26  2:32  Nexus  
  26  2:35  Pylon  
  26  2:43  Immortal  
  26  2:55  Probe  
  31  3:07  Probe  
  32  3:14  Warp Prism  
  32  3:18  Twilight Council  
  32  3:19  Probe  
  35  3:34  Pylon  
  35  3:35  Probe  
  34  3:44  Probe  
  34  3:47  Probe  
  36  3:52  Immortal  
  36  4:01  Probe  
  41  4:06  Probe  
  41  4:07  Charge  
  42  4:13  Probe  
  43  4:18  Probe  
  44  4:25  Gateway  
  44  4:33  Gateway  
  44  4:35  Gateway  
  44  4:36  Probe  
  45  4:42  Observer  
  45  4:44  Probe  
  45  4:45  Gateway  
  47  4:54  Probe  
  47  4:56  Probe  
  49  5:01  Gateway  
  49  5:03  Gateway  
  49  5:10  Gateway  
  49  5:13  Warp Prism  
  51  5:19  Pylon  
  51  5:20  Zealot x2  
  55  5:27  Pylon  
  55  5:36  Stalker  
  55  5:38  Zealot  
  55  5:39  Zealot  
  55  5:41  Zealot x2  
  65  5:45  Pylon  
  65  5:55  Zealot  
  67  5:58  Zealot x2  
  67  5:59  Zealot x2  
  67  6:03  Pylon  
  75  6:08  Zealot  
  75  6:09  Zealot  
  79  6:19  Stalker  
  78  6:27  Zealot x4  
  82  6:50  Zealot  
  82  6:51  Zealot x6  
  90  6:58  Zealot  
Show
View Real Time Build Order
Export as new Build Order

BuRning Terran 

Build Orders: Reaper Expand 

Get SALT Encoding   

  12  0:00  SCV  
  13  0:12  SCV  
  14  0:17  Supply Depot  
  14  0:24  SCV  
  15  0:38  SCV  
  15  0:39  Barracks  
  16  0:44  Refinery  
  16  0:50  SCV  
  17  1:04  SCV  
  18  1:16  SCV  
  19  1:27  Reaper  
  19  1:28  Orbital Command  
  20  1:39  Command Center  
  20  1:49  Supply Depot  
  21  1:54  SCV  
  21  1:59  Marine  
  22  2:04  Factory  
  22  2:06  SCV  
  23  2:10  Refinery  
  23  2:18  Barracks Tech Lab, SCV  
  24  2:30  SCV  
  25  2:41  Marauder  
  25  2:42  SCV  
  28  2:52  Orbital Command  
  28  2:54  SCV  
  28  2:56  Factory Tech Lab  
  28  3:06  SCV  
  28  3:12  Marine  
  29  3:14  Cyclone  
  29  3:19  SCV  
  33  3:24  SCV  
  33  3:25  Starport  
  34  3:31  Marine, SCV  
  36  3:36  SCV  
  37  3:42  Command Center  
  37  3:43  SCV  
  38  3:51  SCV  
  35  3:57  Siege Tank  
  35  3:58  Marine  
  38  4:03  Viking  
  38  4:04  Bunker  
  38  4:06  SCV  
  38  4:08  Bunker, Supply Depot  
  41  4:15  Marine  
  42  4:19  Orbital Command  
  43  4:25  Barracks, Liberator  
  43  4:29  Siege Tank  
  45  4:33  Marine, SCV  
  49  4:45  SCV  
  51  4:49  Barracks  
  51  4:55  Orbital Command, Marine  
  51  4:57  SCV  
  53  5:00  Engineering Bay, Supply Depot  
  53  5:10  SCV  
  54  5:19  Supply Depot  
  54  5:21  Marine, Refinery  
  54  5:22  SCV  
  54  5:23  Factory Reactor, Refinery  
  54  5:27  SCV  
  57  5:34  Marine  
  57  5:35  SCV  
  59  5:39  Marine, SCV, Starport Reactor  
  61  5:47  SCV, Command Center  
  62  5:51  Marine, SCV  
  62  5:55  Missile Turret  
  64  5:59  SCV  
  64  6:01  Barracks Reactor  
  65  6:05  SCV  
  66  6:11  SCV  
  66  6:12  Supply Depot  
  66  6:17  Marine x2, SCV  
  70  6:18  Factory Reactor  
  70  6:24  Supply Depot  
  70  6:25  Marauder, SCV  
  70  6:33  Supply Depot  
  70  6:34  Marauder, SCV, Supply Depot  
  70  6:37  SCV  
  70  6:38  Marine  
Tags
 
Add a new tag
Caveats
  • Supply blocks, unpowered buildings, or Contaminate may cause inaccurate times.
  • Supply counts are checked every 10 seconds.